 Dungeon Crawl Stone Soup version 0.23.2-33-g5129a83 (webtiles) character file.

Game seed: 16371745247139895895

84 Fortress the Firebug (level 4, -2/33 HPs)
             Began as a Draconian Fire Elementalist on June 28, 2019.
             Slain by a gnoll
             ... wielding a +0 antimagic halberd
              (7 damage)
             ... on level 2 of the Dungeon.
             The game lasted 00:05:40 (2032 turns).

Fortress the Firebug (Draconian Fire Elementalist)  Turns: 2032, Time: 00:05:41

Health: -2/33      AC:  5    Str: 12    XL:     4   Next: 24%
Magic:  0/8        EV: 12    Int: 17    God:
Gold:   78         SH:  0    Dex: 11    Spells: 7/8 levels left

rFire    . . .     SeeInvis .   e - +0 dagger
rCold    . . .     Gourm    .   (no shield)
rNeg     . . .     Faith    .   (armour unavailable)
rPois    .         Spirit   .   (helmet restricted)
rElec    .         Reflect  .   (no cloak)
rCorr    .         Harm     .   (no gloves)
MR       .....                  (no boots)
Stlth    +.........             (no amulet)
HPRegen  0.11/turn              f - ring of attention (curse)
MPRegen  0.11/turn              h - +2 ring of strength

@: lethally poisoned (-2 -> -4)
A: unfitting armour, cold-blooded, AC +5
a: no special abilities


You were on level 2 of the Dungeon.
You were not hungry.

You visited 1 branch of the dungeon, and saw 2 of its levels.

You collected 78 gold pieces.

Inventory:

Hand Weapons
 e - a +0 dagger (weapon)
Missiles
 a - 22 stones (quivered)
Jewellery
 f - a cursed ring of attention (left hand)
 h - a +2 ring of strength (right hand)
Scrolls
 c - a scroll of identify
 d - a scroll of enchant armour {unknown}
 g - a scroll of teleportation {unknown}
 k - a scroll of fear {unknown}
 l - a scroll of enchant weapon {unknown}
Potions
 j - a potion of berserk rage {unknown}
Comestibles
 b - 7 rations


   Skills:
 + Level 0.1 Short Blades
 + Level 1.9 Dodging
 - Level 2.3 Stealth
 + Level 2.7 Spellcasting
 + Level 1.7 Conjurations
 + Level 3.9 Fire Magic


You had 7 spell levels left.
You knew the following spells:

 Your Spells              Type           Power        Failure   Level  Hunger
a - Flame Tongue          Conj/Fire      ##...        5%          1    #......

Your spell library contained the following spells:

 Spells                   Type           Power        Failure   Level  Hunger
 Throw Flame              Conj/Fire      ##....       9%          2    ##.....
 Conjure Flame            Conj/Fire      ##......     17%         3    ###....
 Inner Flame              Hex/Fire       #.......     24%         3    ###....
 Sticky Flame             Conj/Fire      ##......     50%         4    #####..
 Fireball                 Conj/Fire      ##........   83%         5    ######.


Dungeon Overview and Level Annotations

Branches:
Dungeon (2/15)

Altars:


Innate Abilities, Weirdness & Mutations

Your plain brown scales are hard. (AC +5)
You cannot fit into any form of body armour.
You are cold-blooded and may be slowed by cold attacks.


Message History

The adder is lightly wounded.
You feel sick. The adder barely misses you.
The gnoll hits you from afar with a +0 antimagic halberd!
You miss the adder.
Your tail-slap misses the adder.
The adder is lightly wounded.
The adder bites you but does no damage.
You hit the adder.
The adder is moderately wounded.
The adder completely misses you. The gnoll closely misses you.
You barely miss the adder.
The adder is moderately wounded.
The adder bites you but does no damage.
The gnoll hits you from afar with a +0 antimagic halberd.
* * * LOW HITPOINT WARNING * * *
The adder barely misses you.
You barely miss the adder.
The adder is moderately wounded.
You feel sick.
The gnoll hits you from afar with a +0 antimagic halberd!
You die...

###
########...###
#....@Sg.....#
#.######....>.
#.# ..... #.#
.... #.# ...
#.# .. #.# .
#.# #.#######


You could see a gnoll and an adder.

Vanquished Creatures
  2 gnolls (D:2)
  3 adders (D:2)
  2 oozes (D:1)
  A ball python (D:1)
  A giant cockroach (D:1)
  5 goblins
  3 hobgoblins (D:1)
  7 bats
  5 kobolds (D:1)
  5 rats (D:1)
34 creatures vanquished.

Notes
Turn   | Place    | Note
-------+----------+-------------------------------------------
     0 | D:1      | Fortress the Draconian Fire Elementalist began the quest
                  | for the Orb.
     0 | D:1      | Reached XP level 1. HP: 14/14 MP: 3/3
   142 | D:1      | Reached XP level 2. HP: 20/20 MP: 0/5
   877 | D:1      | Reached XP level 3. HP: 26/26 MP: 1/6
  2017 | D:2      | Reached XP level 4. HP: 27/33 MP: 3/8
  2026 | D:2      | HP: 1/33 [gnoll/+0 antimagic halberd (7)]
  2032 | D:2      | Slain by a gnoll

Skill      XL: |  1 |
---------------+----+-----
Stealth        | 2 |  2.3
Short Blades   | |  0.1
Dodging        | |  1.9
Spellcasting   | |  2.7
Conjurations   | |  1.7
Fire Magic     | |  3.9

Action                   |  1- 3 |  4- 6 || total
-------------------------+-------+-------++-------
Melee: Unarmed           |     2 |       ||     2
       Dagger            |     5 |    11 ||    16
 Cast: Flame Tongue      |    71 |     4 ||    75
  Use: Scroll            |     1 |       ||     1
       Potion            |       |     1 ||     1
  Eat: Chunk             |     4 |       ||     4
Armor: Skin              |    16 |     6 ||    22
Dodge: Dodged            |    22 |     9 ||    31
